 Dungeon Crawl Stone Soup version 0.31-a0-986-g5e6e4ef867 (webtiles) character file.

Game seed: 3894242971276548715

336 Curundu the Trooper (level 6, -1/52 HPs)
             Began as a Draconian Berserker on Nov 11, 2023.
             Was a Believer of Trog.
             Slain by a gnoll sergeant
             ... wielding a +7 spear of freezing
              (5 damage)
             ... on level 5 of the Dungeon.
             The game lasted 00:36:22 (5657 turns).

Curundu the Trooper (Draconian Berserker)           Turns: 5657, Time: 00:36:24

Health: -1/52      AC: 10    Str: 20    XL:     6   Next: 28%
Magic:  0/6        EV: 13    Int:  7    God:    Trog [**....]
Gold:   157        SH:  0    Dex: 12    Spells: 5/5 levels left

rFire   . . .        p - +3 dagger
rCold   . . .        (no shield)
rNeg    . . .        (body armour unavailable)
rPois   .            (helmet restricted)
rElec   .            (no cloak)
rCorr   .            (no gloves)
SInv    .            (no boots)
Will    .....        b - amulet of guardian spirit
Stlth   ++           d - +4 ring of protection
HPRegen 0.28/turn    C - +4 ring of slaying
MPRegen 0.10/turn

%: guardian spirit
@: slowed, very slow
A: AC +6, unfitting armour, cold-blooded
a: Renounce Religion, Berserk, Trog's Hand


You were on level 5 of the Dungeon.
You worshipped Trog.
Trog was pleased with you.
You visited 1 branch of the dungeon, and saw 5 of its levels.

You collected 157 gold pieces.

Inventory:

Hand Weapons
 a - a +0 mace
 p - a +3 dagger (weapon)
 q - a +1 dagger of electrocution
 r - a +0 dagger
Missiles
 c - 6 poisoned darts (quivered)
 B - a throwing net
 D - 3 datura-tipped darts
Jewellery
 b - an amulet of guardian spirit (around neck)
 d - a +4 ring of protection (left hand)
 g - a +5 ring of evasion
 h - a ring of flight
 k - a +5 ring of evasion
 w - a ring of protection from cold
 C - a +4 ring of slaying (right hand)
Wands
 G - a wand of charming (9)
Scrolls
 e - 2 scrolls of amnesia {unknown}
 f - a scroll of enchant armour {unknown}
 i - a scroll of fog {unknown}
 j - a scroll of blinking {unknown}
 n - 2 scrolls of vulnerability
 o - 4 scrolls of revelation
 t - a scroll of enchant weapon {unknown}
 x - a scroll of immolation {unknown}
 y - a scroll of summoning {unknown}
 z - 2 scrolls of silence {unknown}
 H - a scroll of identify
Potions
 l - a potion of heal wounds
 m - 2 potions of attraction {unknown}
 s - a potion of resistance {unknown}
 u - a potion of magic {unknown}
 v - 2 potions of curing
 A - a potion of degeneration {unknown}
 E - a potion of might {unknown}
 F - a potion of brilliance {unknown}


   Skills:
 + Level 4.3 Fighting
 + Level 3.3 Short Blades
 + Level 4.1 Maces & Flails
 + Level 0.3 Throwing
 + Level 3.8 Dodging
 + Level 1.5 Stealth


You had 5 spell levels left.
You didn't know any spells.
Your spell library was empty.

Dungeon Overview and Level Annotations

Branches:
Dungeon (5/15)
 Temple: D:4-7

Altars:
Hepliaklqana
Kikubaaqudgha


Innate Abilities, Weirdness & Mutations

Your plain brown scales are hard. (AC +6)
You cannot fit into any form of body armour.
You are cold-blooded and may be slowed by cold attacks.


Message History

You feel yourself speed up.
The gnoll sergeant hits you with a +7 spear of freezing.
You feel yourself slow down. The gnoll sergeant freezes you.
You hit the gnoll sergeant but do no damage.
The gnoll sergeant is moderately wounded.
The gnoll sergeant hits you with a +7 spear of freezing.
The gnoll sergeant freezes you.
The gnoll sergeant hits you but does no damage.
You hit the gnoll sergeant.
The gnoll sergeant is moderately wounded.
You feel yourself speed up.
The gnoll sergeant hits you with a +7 spear of freezing!
You feel yourself slow down. The gnoll sergeant freezes you.
* * * LOW HITPOINT WARNING * * *
You feel better. The gnoll sergeant misses you.
You feel much better.
You feel yourself speed up.
The gnoll sergeant hits you with a +7 spear of freezing!
You feel yourself slow down. The gnoll sergeant freezes you.
The gnoll sergeant misses you.
You hit the gnoll sergeant but do no damage.
You tail-slap the gnoll sergeant, but do no damage.
The gnoll sergeant is moderately wounded.
The gnoll sergeant hits you with a +7 spear of freezing.
The gnoll sergeant freezes you.
You hit the gnoll sergeant but do no damage.
The gnoll sergeant is moderately wounded.
You feel yourself speed up.
The gnoll sergeant hits you but does no damage.
You barely miss the gnoll sergeant.
The gnoll sergeant is moderately wounded.
The gnoll sergeant hits you with a +7 spear of freezing.
You feel yourself slow down. The gnoll sergeant freezes you.
You barely miss the gnoll sergeant. The gnoll sergeant blocks your attack.
The gnoll sergeant is moderately wounded.
The gnoll sergeant hits you with a +7 spear of freezing!
* * * LOW HITPOINT WARNING * * *
You feel as though you will be slow longer.
The gnoll sergeant freezes you.
You die...

##
###.#############
#........@gggg...
........###g#####
#.#.#.#.###[### #
#.#.......#
#)#..#.........
#....#....#####
#....#..#.#
#....#....#.#
.<..........#.#


You could see a gnoll sergeant and 4 gnolls.

Vanquished Creatures
  A black bear (D:4)
  A hound (D:5)
  2 iguanas (D:4)
  Robin (D:2)
  5 gnolls
  2 adders
  A worm (D:4)
  4 dart slugs
  5 orcs
  3 ball pythons
  7 endoplasms
  A giant cockroach (D:1)
  11 goblins
  9 hobgoblins
  3 jackals (D:3)
  2 quokkas
  2 bats (D:1)
  2 frilled lizards
  4 kobolds
  6 rats
72 creatures vanquished.

Notes
Turn   | Place    | Note
-------+----------+-------------------------------------------
     0 | D:1      | Curundu the Draconian Berserker began the quest for the
                  | Orb.
     0 | D:1      | Reached XP level 1. HP: 19/19 MP: 1/1
  1148 | D:1      | Reached XP level 2. HP: 23/26 MP: 2/2
  1469 | D:2      | Found an ancient bone altar of Kikubaaqudgha.
  1660 | D:2      | Noticed Robin
  1681 | D:2      | Killed Robin
  1682 | D:2      | Reached XP level 3. HP: 27/33 MP: 3/3
  3342 | D:3      | Found a hazy altar of Hepliaklqana.
  3971 | D:3      | Reached XP level 4. HP: 40/40 MP: 4/4
  4442 | D:4      | Reached skill level 1 in Short Blades
  4458 | D:4      | Reached skill level 1 in Stealth
  4591 | D:4      | Reached XP level 5. HP: 37/46 MP: 5/5
  5063 | D:4      | Noticed a black bear
  5077 | D:4      | Killed a black bear
  5078 | D:4      | Reached XP level 6. HP: 48/52 MP: 6/6
  5585 | D:5      | Entered Level 5 of the Dungeon
  5590 | D:5      | Reached ** piety under Trog
  5657 | D:5      | Slain by a gnoll sergeant

Illustrated notes

Levels and vault maps discovered:
D:1:      dpeg_arrival_shrine, layout_basic
D:2:      layout_rooms, serial_co_window_serial, co_window_paths_b,
          co_window_corner_a, co_window_paths_b, co_window_cross_1,
          co_window_corner_a, co_window_broadway_a, co_window_2corner,
          co_window_paths_c, co_window_broadway_a, co_window_broadway_a,
          co_window_corner_ca, co_window_2corner, co_window_paths_d,
          basic_altar, nicolae_underground_beach, uniq_robin
D:3:      layout_basic, lemuel_tele_altar
D:4:      layout_basic, kennysheep_potato
D:5:      layout_loops_ring, minmay_misc_feat_columns, serial_park_tiny_1

Skill      XL: |  1  2  3  4  5 |
---------------+----------------+-----
Dodging        | 3 |  3.8
Maces & Flails | 4 |  4.1
Short Blades   | 2 3 |  3.3
Stealth        | 1 |  1.5
Fighting       | 4 |  4.3
Throwing       | |  0.3

Action                     |  1- 3 |  4- 6 || total
---------------------------+-------+-------++-------
  Melee: Mace              |    73 |       ||    73
         Tailslap          |    12 |    19 ||    31
         Dagger            |    30 |   187 ||   217
         Punch             |       |     6 ||     6
  Throw: Dart              |     4 |     7 ||    11
    Use: Scroll            |     2 |     3 ||     5
         Potion            |       |     2 ||     2
   Stab: Sleeping          |     1 |       ||     1
 Armour: Skin              |    50 |    75 ||   125
  Dodge: Dodged            |   105 |   121 ||   226

Table legend: (Time is in decaauts)
 A = Elapsed time spent in this place.
 B = Non-inter-level travel time spent in this place.
 C = Inter-level travel time spent in this place.
 D = Time resting spent in this place.
 E = Time spent auto-exploring this place.
 F = Levels seen in this place.
 G = Mean time per level.
                   A        B        C        D        E       F      G
               +--------+--------+--------+--------+--------+-----+--------+
         Total |   5665 |   5653 |     12 |    395 |      0 |   5 | 1133.0 |
       Dungeon |   5665 |   5653 |     12 |    395 |      0 |   5 | 1133.0 |
               +--------+--------+--------+--------+--------+-----+--------+

Top non-repeatable levels by time:
     D:2: 2051 daAuts
     D:4: 1223 daAuts
     D:1: 1183 daAuts
     D:3: 1135 daAuts
     D:5: 71 daAuts
